 Dungeon Sprint DCSS version 0.29-a0-998-g1987434951 (webtiles) character file.

Game seed: 15359102724576322330

4834 tbh1313 the Severer (level 10, -5/103 HPs)
             Began as a Minotaur Berserker on Aug 5, 2022.
             Was a High Priest of Trog.
             Slain by a 12-headed hydra (7 damage)
             ... while paralysed by a floating eye
             ... in the Dungeon (Sprint I: "Red Sonja").
             The game lasted 00:04:58 (1480 turns).

tbh1313 the Severer (Minotaur Berserker)            Turns: 1480, Time: 00:04:58

Health: -5/103     AC: 11    Str: 21    XL:     10   Next: 25%
Magic:  9/9        EV:  2    Int:  8    God:    Trog [*****.]
Gold:   540        SH:  0    Dex: 11    Spells: 9/9 levels left

rFire   . . .      SeeInvis .   l - +4 hand axe
rCold   + . .      Faith    .   (no shield)
rNeg    . . .      Spirit   .   j - +3 ring mail {rC+}
rPois   .          Reflect  .   (helmet restricted)
rElec   .          Harm     .   (no cloak)
rCorr   .          Rampage  .   (no gloves)
Will    ++...      NoTele   +   (no boots)
Stlth   +.........              (no amulet)
HPRegen 1.27/turn               (no ring)
MPRegen 0.11/turn               (no ring)

@: paralysed, strong-willed, regenerating
A: horns 2, retaliatory headbutt
a: Renounce Religion, Berserk, Trog's Hand, Brothers in Arms


You were in the Dungeon.
You worshipped Trog.
Trog was extremely pleased with you.
You visited 1 branch You collected 540 gold pieces.

Inventory:

Hand Weapons
 l - a +4 hand axe (weapon)
Armour
 j - a +3 ring mail of cold resistance (worn)
Wands
 i - a wand of polymorph (5)
Scrolls
 h - a scroll of blinking
Potions
 c - a potion of curing
 d - a potion of heal wounds
 e - 2 potions of haste
 f - 2 potions of magic
 g - 2 potions of berserk rage


   Skills:
 - Level 14.0 Fighting
 + Level 16.2 Axes
 - Level 14.0 Armour
 - Level 14.0 Dodging


You had 9 spell levels left.
You didn't know any spells.
Your spell library was empty.

Dungeon Overview and Level Annotations

Branches:
Dungeon (1/1)

Altars:
Cheibriados
Dithmenos
Elyvilon
Fedhas
Gozag
Hepliaklqana
Kikubaaqudgha
Makhleb
Nemelex Xobeh
Okawaru
Qazlal
Ru
Sif Muna
Trog
Uskayaw
Vehumet
Wu Jian
Xom
Yredelemnul
Zin
The Shining One
Jiyva
Lugonu

Shops:
D (


Innate Abilities, Weirdness & Mutations

You have a pair of horns on your head.
You reflexively headbutt those who attack you in melee.


Message History

There is an open door here.
You close the door.
You open the door.
A 12-headed hydra and a floating eye come into view.
The floating eye turns its gaze towards you.
Found 54 gold pieces.
Your skin crawls.
You feel strong-willed. The 12-headed hydra bites you!
The 12-headed hydra barely misses you.
The 12-headed hydra completely misses you.
The 12-headed hydra bites you but does no damage.
The 12-headed hydra bites you. The 12-headed hydra misses you.
The 12-headed hydra bites you but does no damage. x3
The 12-headed hydra closely misses you. The 12-headed hydra barely misses you.
The 12-headed hydra bites you! The floating eye's view fixates on you.
Your deep troll goes berserk!
The 12-headed hydra misses you. The 12-headed hydra bites you!
The 12-headed hydra misses you. The 12-headed hydra bites you.
The 12-headed hydra bites you but does no damage.
The 12-headed hydra closely misses you. The 12-headed hydra bites you!
The 12-headed hydra bites you but does no damage.
The 12-headed hydra misses you. The 12-headed hydra bites you.
The 12-headed hydra completely misses you.
The 12-headed hydra barely misses you.
The floating eye gazes piercingly through you!
You suddenly lose the ability to move!
The 12-headed hydra bites you! x2
* * * LOW HITPOINT WARNING * * *
The 12-headed hydra bites you but does no damage. x3
The 12-headed hydra bites you.
* * * LOW HITPOINT WARNING * * *
The 12-headed hydra bites you!
* * * LOW HITPOINT WARNING * * *
The 12-headed hydra bites you but does no damage. x2
The 12-headed hydra completely misses you.
The 12-headed hydra bites you.
* * * LOW HITPOINT WARNING * * *
The 12-headed hydra bites you!
You die...

#####################
..#.[#§§§)†.§.§§@DG$#
..##'#§####.§§§.##T.+
..).§#.# ##§§§## ##
###..'§# ###+# #+####
#.# ... #..###$#
#..°. ##.#A#$# ###○..
.###$# ○○.# ##..$#


You could see a 12-headed hydra, a floating eye (ally target) and a friendly
deep troll (summoned, berserk).

Levels and vault maps discovered:
D:        dungeon_sprint_1 [red_sonja_temple_1, red_sonja_temple_small_1]

Notes
Turn   | Place    | Note
-------+----------+-------------------------------------------
     0 | D        | tbh1313 the Minotaur Berserker began the quest for the Orb.
     0 | D        | Reached XP level 1. HP: 19/19 MP: 0/0
     1 | D        | Noticed Ijyb
    14 | D        | Killed Ijyb
    15 | D        | Reached skill level 7 in Axes
    15 | D        | Reached XP level 2. HP: 26/26 MP: 1/1
   175 | D        | Noticed an ogre
   176 | D        | HP: 2/26 [ogre/+0 giant club (24)]
   181 | D        | Killed an ogre
   182 | D        | Reached skill level 11 in Axes
   182 | D        | Reached XP level 3. HP: 5/31 MP: 2/2
   182 | D        | Reached XP level 4. HP: 6/39 MP: 3/3
   450 | D        | Noticed Sigmund
   462 | D        | Killed Sigmund
   462 | D        | Reached ** piety under Trog
   463 | D        | Reached skill level 14 in Axes
   463 | D        | Reached XP level 5. HP: 41/51 MP: 4/4
   463 | D        | Reached XP level 6. HP: 47/58 MP: 5/5
   506 | D        | Found a shimmering blue altar of Sif Muna.
   507 | D        | Found an ornate altar of the Wu Jian Council.
   510 | D        | Found a radiant altar of Vehumet.
   535 | D        | Found Ehuennal's Antique Weapon Emporium.
   535 | D        | Found an ancient bone altar of Kikubaaqudgha.
   535 | D        | Found a hazy altar of Hepliaklqana.
   535 | D        | Found a stormy altar of Qazlal.
   535 | D        | Found a hide-covered altar of Uskayaw.
   535 | D        | Found a blossoming altar of Fedhas.
   535 | D        | Found a bloodstained altar of Trog.
   535 | D        | Found an iron altar of Okawaru.
   535 | D        | Found a basalt altar of Yredelemnul.
   535 | D        | Found a glowing golden altar of the Shining One.
   535 | D        | Found a snail-covered altar of Cheibriados.
   535 | D        | Found a sacrificial altar of Ru.
   535 | D        | Found a glowing silver altar of Zin.
   535 | D        | Found a shadowy altar of Dithmenos.
   535 | D        | Found a white marble altar of Elyvilon.
   535 | D        | Noticed a yak
   547 | D        | Killed a yak
   548 | D        | Reached skill level 10 in Fighting
   548 | D        | Reached skill level 5 in Armour
   548 | D        | Found an opulent altar of Gozag.
   549 | D        | Found a sparkling altar of Nemelex Xobeh.
   642 | D        | Noticed a centaur warrior
   642 | D        | Noticed a centaur warrior
   661 | D        | Found a burning altar of Makhleb.
   661 | D        | Found a viscous altar of Jiyva.
   661 | D        | Found a shimmering altar of Xom.
   661 | D        | Found a corrupted altar of Lugonu.
   661 | D        | Noticed a slime creature
   672 | D        | Killed a slime creature
   673 | D        | Reached XP level 7. HP: 53/72 MP: 6/6
   773 | D        | Noticed a kobold demonologist
   773 | D        | Noticed a kobold demonologist
   775 | D        | Paralysed by a floating eye for 3 turns
   780 | D        | Reached *** piety under Trog
   781 | D        | Reached skill level 10 in Armour
   783 | D        | Killed a kobold demonologist
   784 | D        | Reached XP level 8. HP: 79/79 MP: 7/7
   790 | D        | Killed a kobold demonologist
   791 | D        | Reached skill level 10 in Dodging
   828 | D        | Noticed a demonic crawler
   828 | D        | Noticed a demonic crawler
   828 | D        | Noticed a demonic crawler
   828 | D        | Noticed a demonic crawler
   838 | D        | Killed a demonic crawler
   838 | D        | Reached **** piety under Trog
   839 | D        | Reached skill level 15 in Axes
   839 | D        | Noticed a gargoyle
   845 | D        | Killed a demonic crawler
   846 | D        | Reached skill level 16 in Axes
   846 | D        | Killed a demonic crawler
   847 | D        | Reached XP level 9. HP: 80/91 MP: 8/8
   853 | D        | Killed a gargoyle
   862 | D        | Killed a demonic crawler
  1070 | D        | Noticed a lindwurm
  1088 | D        | Killed a lindwurm
  1317 | D        | Reached ***** piety under Trog
  1327 | D        | Received a gift from Trog
  1343 | D        | Reached XP level 10. HP: 91/103 MP: 9/9
  1370 | D        | Received a gift from Trog
  1471 | D        | Noticed a daeva
  1477 | D        | Noticed a 12-headed hydra
  1479 | D        | Paralysed by a floating eye for 3 turns
  1480 | D        | HP: 8/103 [12-headed hydra (10)]
  1480 | D        | HP: 2/103 [12-headed hydra (6)]
  1480 | D        | Slain by a 12-headed hydra

Table legend: (Time is in decaauts)
 A = Elapsed time spent in this place.
 B = Non-inter-level travel time spent in this place.
 C = Inter-level travel time spent in this place.
 D = Time resting spent in this place.
 E = Time spent auto-exploring this place.
 F = Levels seen in this place.
 G = Mean time per level.
                   A        B        C        D        E       F      G
               +--------+--------+--------+--------+--------+-----+--------+
         Total |   1463 |   1463 |      0 |   1160 |      1 |   1 | 1463.0 |
       Dungeon |   1463 |   1463 |      0 |   1160 |      1 |   1 | 1463.0 |
               +--------+--------+--------+--------+--------+-----+--------+

Top non-repeatable levels by time:
       D: 1463 daAuts

Table legend:
 A = Kills in this place as a percentage of kills in entire the game.
 B = Kills by you in this place as a percentage of kills by you in the entire game.
 C = Kills by friends in this place as a percentage of kills by friends in the entire game.
 D = Other kills in this place as a percentage of other kills in the entire game.
 E = Experience gained in this place as a percentage of experience gained in the entire game.
 F = Experience gained in this place divided by the number of levels of this place that you have seen.
                   A       B       C       D       E      F
               +-------+-------+-------+-------+-------+----------------------
         Total | 100.0 | 100.0 |   N/A |   N/A | 100.0 | 6906.0
       Dungeon | 100.0 | 100.0 |   N/A |   N/A | 100.0 | 6906.0
               +-------+-------+-------+-------+-------+----------------------

Action                   |  1- 3 |  4- 6 |  7- 9 | 10-12 || total
-------------------------+-------+-------+-------+-------++-------
Melee: Unarmed           |    10 |       |       |       ||    10
       Hand axe          |     4 |    27 |    97 |    40 ||   168
       Headbutt          |     2 |     8 |    20 |    12 ||    42
       Punch             |       |       |       |     1 ||     1
Invok: Berserk           |     2 |     1 |     3 |       ||     6
       Trog's Hand       |       |       |     1 |     1 ||     2
       Brothers in Arms  |       |       |       |     1 ||     1
  Use: Potion            |     1 |       |       |       ||     1
       Scroll            |       |       |       |     1 ||     1
Armor: Ring mail         |       |     5 |    31 |    20 ||    56
Dodge: Dodged            |     7 |     9 |    46 |    24 ||    86

Vanquished Creatures
  A lindwurm (D)
  A gargoyle (D)
  2 kobold demonologists (D)
  4 demonic crawlers (D)
  A slime creature (D)
  Sigmund (D)
  13 hogs (D)
  A yak (D)
  A floating eye (D)
  An ogre (D)
  A jelly (D)
  Ijyb (D)
28 creatures vanquished.
